 Dungeon Crawl Stone Soup version 0.28-a0-172-g787e458d71 (webtiles) character file.

Game seed: 3352380242274049290

32 rabbitsville the Chiller (level 3, -4/24 HPs)
             Began as a Merfolk Ice Elementalist on Aug 16, 2021.
             Slain by a worm (9 damage)
             ... on level 2 of the Dungeon.
             The game lasted 00:12:19 (1690 turns).

rabbitsville the Chiller (Merfolk Ice Elementalist) Turns: 1690, Time: 00:12:20

Health: -4/24      AC:  2    Str:  8    XL:     3   Next: 25%
Magic:  2/6        EV: 13    Int: 15    God:
Gold:   44         SH:  0    Dex: 14    Spells: 1/6 levels left

rFire   . . .      SeeInvis .   b - +0 club
rCold   . . .      Faith    .   (no shield)
rNeg    . . .      Spirit   .   a - +0 robe
rPois   .          Reflect  .   (no helmet)
rElec   .          Harm     .   (no cloak)
rCorr   .          Rampage  .   (no gloves)
Will    .....                   (no boots)
Stlth   ++........              (no amulet)
HPRegen 0.08/turn               (no ring)
MPRegen 0.10/turn               (no ring)

@: no status effects
A: (nimble swimmer 2), mertail
a: no special abilities


You were on level 2 of the Dungeon.
You visited 1 branch of the dungeon, and saw 2 of its levels.

You collected 44 gold pieces.

Inventory:

Hand Weapons
 b - a +0 club (weapon)
Missiles
 c - 8 atropa-tipped darts
Armour
 a - a +0 robe (worn)
 g - a +0 leather armour
Scrolls
 f - 3 scrolls of vulnerability {unknown}
Potions
 d - 2 potions of might {unknown}
 e - a potion of resistance {unknown}


   Skills:
 + Level 3.4 Dodging
 - Level 2.1 Stealth
 + Level 2.4 Spellcasting
 + Level 0.4 Conjurations
 + Level 4.7 Ice Magic


You had one spell level left.
You knew the following spells:

 Your Spells              Type           Power      Damage    Failure   Level
a - Freeze                Ice            64%        1d8       3%          1
b - Magic Dart            Conj           12%        1d3       19%         1
c - Ozocubu's Armour      Ice            16%        N/A       9%          3

Your spell library contained the following spells:

 Spells                   Type           Power      Damage    Failure   Level
 Summon Small Mammal      Summ           4%         N/A       22%         1
 Frozen Ramparts          Ice            32%        1d5       9%          3
 Searing Ray              Conj           6%         3d3       26%         2
 Inner Flame              Hex/Fire       1%         N/A       54%         3
 Hailstorm                Conj/Ice       9%         3d4       58%         4
 Fulminant Prism          Conj/Hex       1%         3d6       88%         4
 Cause Fear               Hex            0%         N/A       91%         4
 Discord                  Hex            0%         N/A       100%        8


Dungeon Overview and Level Annotations

Branches:
Dungeon (2/15)

Altars:

Annotations:
D:2 Jessica


Innate Abilities, Weirdness & Mutations

((You are quick and stealthy near water. (Stealth+, EV+, Speed+++)))
Your lower body shifts to a powerful aquatic tail in water.


Message History

The worm bites you.
You hit the worm.
The worm is moderately wounded.
You hit the worm but do no damage.
The worm is moderately wounded.
The worm bites you!
Casting: Freeze (safe; 3% risk of failure)
Confirm with . or Enter, or press ? or * to list all spells.
Aiming: Freeze (safe; 3% risk of failure)
Press: ? - help, Shift-Dir - straight line, f - worm
Aim: a worm (lightly wounded)
You freeze the worm.
The worm is moderately wounded.
The worm misses you.
Casting: Freeze (safe; 3% risk of failure)
Confirm with . or Enter, or press ? or * to list all spells.
Aiming: Freeze (safe; 3% risk of failure)
Press: ? - help, Shift-Dir - straight line, f/p - worm
Aim: a worm (moderately wounded)
You freeze the worm.
The worm is heavily wounded.
Sorry, you're not good enough to have a special ability.
Casting: Freeze (safe; 3% risk of failure)
Confirm with . or Enter, or press ? or * to list all spells.
Aiming: Freeze (safe; 3% risk of failure)
Press: ? - help, Shift-Dir - straight line, f/p - worm
Aim: a worm (heavily wounded)
You freeze the worm.
The worm is severely wounded.
The worm bites you.
* * * LOW HITPOINT WARNING * * *
Casting: Freeze (safe; 3% risk of failure)
Confirm with . or Enter, or press ? or * to list all spells.
Aiming: Freeze (safe; 3% risk of failure)
Press: ? - help, Shift-Dir - straight line, f/p - worm
Aim: a worm (severely wounded)
You freeze the worm.
The worm is almost dead.
The worm bites you!
You die...

#..# #..# ...# #..#
##..# . ...# ... #w.#
..<.# #@.## .
l.....######...# .##
........÷.##.#.# ..#
......###÷##.#.# #.#
#...#. #.##.#.# #.#
#.. #. #.##.#.####.##
##.##.###†##.........#
#.............####..#
#...........#....<.[#


You could see a worm.

Vanquished Creatures
  An endoplasm (D:1)
  A giant cockroach (D:1)
  4 goblins (D:1)
  2 hobgoblins
  A quokka (D:2)
  8 ball pythons
  2 bats (D:1)
  3 frilled lizards (D:1)
  6 kobolds (D:1)
  4 rats (D:1)
32 creatures vanquished.

Vanquished Creatures (others)
  2 fungi (D:1)
  A plant (D:1)
3 creatures vanquished.

Grand Total: 35 creatures vanquished

Notes
Turn   | Place    | Note
-------+----------+-------------------------------------------
     0 | D:1      | rabbitsville the Merfolk Ice Elementalist began the quest
                  | for the Orb.
     0 | D:1      | Reached XP level 1. HP: 13/13 MP: 3/3
   211 | D:1      | Found a faded altar of an unknown god.
   250 | D:1      | Reached XP level 2. HP: 19/19 MP: 1/5
   312 | D:1      | Got Plato's Volume of Creation
   607 | D:1      | Learned a level 1 spell: Magic Dart
  1092 | D:1      | Reached XP level 3. HP: 22/24 MP: 2/6
  1650 | D:2      | Noticed Jessica
  1681 | D:2      | Learned a level 3 spell: Ozocubu's Armour
  1690 | D:2      | Slain by a worm

Illustrated notes

Levels and vault maps discovered:
D:1:      beargit_arrival_greenhouse, layout_basic,
          shapermc_ecumenical_altar_rom_forum, minmay_indecisive_spiral
D:2:      layout_loops_ring, basic_altar, uniq_jessica

Skill      XL: |  1 |
---------------+----+-----
Dodging        | 3 |  3.4
Stealth        | |  2.1
Spellcasting   | |  2.4
Conjurations   | |  0.4
Ice Magic      | |  4.7

Action                   || total
-------------------------++-------
Melee: Club              ||    63
 Cast: Freeze            ||    21
       Magic Dart        ||    13
 Stab: Sleeping          ||     1
Armor: Robe              ||    17
Dodge: Dodged            ||    68

Table legend: (Time is in decaauts)
 A = Elapsed time spent in this place.
 B = Non-inter-level travel time spent in this place.
 C = Inter-level travel time spent in this place.
 D = Time resting spent in this place.
 E = Time spent auto-exploring this place.
 F = Levels seen in this place.
 G = Mean time per level.
                   A        B        C        D        E       F      G
               +--------+--------+--------+--------+--------+-----+--------+
         Total |   1709 |   1660 |     49 |    756 |    447 |   2 |  854.5 |
       Dungeon |   1709 |   1660 |     49 |    756 |    447 |   2 |  854.5 |
               +--------+--------+--------+--------+--------+-----+--------+

Top non-repeatable levels by time:
     D:1: 1354 daAuts
     D:2: 354 daAuts
